 Dungeon Crawl Stone Soup version 0.18-a0-1243-g9e52518 (webtiles) character file.

24133 namelastname112 the Basher (level 12, -3/110 HPs)
             Began as a Green Draconian Gladiator on Feb 5, 2016.
             Was an Initiate of Gozag.
             Slain by a thrashing horror (6 damage)
             ... on level 4 of the Abyss.
             The game lasted 00:37:03 (18619 turns).

namelastname112 the Basher (DrGl)                  Turns: 18619, Time: 00:37:03

Health: -3/110     AC: 13    Str: 22    XL:     12   Next: 78%
Magic:  9/9        EV: 19    Int: 11    God:    Gozag
Gold:   2423       SH:  0    Dex: 17    Spells: 0 memorised, 11 levels left

rFire  + . .     SeeInvis .     G - +8 rapier of Macsask {pierce, rC+ Int+2}
rCold  + . .     Gourm    .     (armour unavailable)
rNeg   . . .     Faith    .     (no shield)
rPois  +         Spirit   .     y - +2 hat
rElec  .         Dismiss  .     T - +0 cloak of Apyicuh {rF+ Stlth+}
rCorr  .         Reflect  .     (no gloves)
SustAt +         Harm     .     K - +1 pair of boots
MR     .....                    (no amulet)
Stlth  +++.......               m - +3 ring of strength
                                h - ring of sustain attributes

@: about to teleport, not resistant to hostile enchantments, fairly stealthy
A: breathe noxious fumes, unfitting armour, blurry vision 2, low mp 2, poison
resistance, strong 1, cold-blooded, MP-powered wands, AC +8
a: Breathe Noxious Fumes, Potion Petition, Call Merchant, Bribe Branch, Renounce
Religion


You were on level 4 of the Abyss.
You worshipped Gozag.
Gozag was noncommittal.
You were very hungry.

You visited 3 branches of the dungeon, and saw 14 of its levels.
You visited the Abyss 1 time.
You also visited: Sewer and Volcano.

You collected 2929 gold pieces.
You spent 393 gold pieces at shops.
You paid 113 gold pieces to Gozag.

Inventory:

Hand Weapons
 b - a +1 flail of draining
 l - a +2 dagger of venom
 G - the +8 rapier of Macsask (weapon) {pierce, rC+ Int+2}
   (You found it on level 9 of the Dungeon)

   It inflicts extra damage upon your enemies.
   It affects your intelligence (+2).
   It protects you from cold.
 Q - a +2 great mace
Missiles
 c - 4 throwing nets
 B - 16 tomahawks (quivered)
Armour
 y - a +2 hat (worn)
 K - a +1 pair of boots (worn)
 T - the +0 cloak of Apyicuh (worn) {rF+ Stlth+}
   (You bought it in a shop on level 12 of the Dungeon)

   It protects you from fire.
   It makes you more stealthy.
Jewellery
 h - a ring of sustain attributes (left hand)
 i - an uncursed ring of fire
 m - a +3 ring of strength (right hand)
 D - an uncursed ring of ice
 I - an uncursed ring of positive energy {unknown}
Wands
 g - a wand of flame (30/48)
 s - a wand of paralysis (0/24)
 v - a wand of iceblast (3/15)
 x - a wand of polymorph (12/24)
 F - a wand of disintegration (14/24)
 H - a wand of flame (19/48)
 O - a wand of slowing (7/48)
Scrolls
 f - 3 scrolls of noise
 n - 3 scrolls of teleportation
 o - a scroll of silence {unknown}
 p - 5 scrolls of amnesia
 z - 2 scrolls of enchant weapon
 A - 5 scrolls of identify
 E - 7 scrolls of remove curse
 J - a scroll of fog
Potions
 a - 2 potions of invisibility {unknown}
 e - a potion of magic
 j - 4 potions of curing
 k - 5 potions of brilliance
 r - a potion of agility
 t - a potion of might
 u - 2 potions of cancellation
 w - 2 potions of flight
 L - 3 potions of haste
Miscellaneous
 q - a fan of gales
Comestibles
 d - 10 bread rations
 C - 4 fruits
 M - 2 royal jellies
 P - a beef jerky
 S - 5 meat rations


   Skills:
 + Level 11.0 Fighting
 * Level 13.9 Maces & Flails
 + Level 9.6 Throwing
 + Level 9.7 Dodging


You had 11 spell levels left.
You didn't know any spells.

Dungeon Overview and Level Annotations

Branches:
Dungeon (12/15)            Temple (1/1) D:5            Lair (1/8) D:10
    Orc (0/2) D:12

Altars:
Ashenzari
Cheibriados
Dithmenos
Elyvilon
Fedhas
Gozag
Kikubaaqudgha
Makhleb
Nemelex Xobeh
Okawaru
Qazlal
Ru
Trog
Xom
Yredelemnul
Zin
The Shining One

Shops:
D:4 }%(   D:10 *   D:12 [

Annotations:
D:2 1 exclusion
D:10 Maud


Innate Abilities, Weirdness & Mutations

You can breathe blasts of noxious fumes.
Your lurid green scales are hard (AC +8).
Your body does not fit into most forms of armour.
Your system is resistant to poisons.
You are cold-blooded and may be slowed by cold attacks.
Your muscles are strong. (Str +2)
[Scrolls take you longer to read.]
[Your magical capacity is very low (-20% MP).]
[You expend magic power (3 MP) to strengthen your wands.]


Message History

You hold your ground!
The thrashing horror barely misses you.
Drink which item? (? for menu, Esc to quit)
You feel better.
The thrashing horror tramples you but does no damage. x2
The thrashing horror barely misses you.
The thrashing horror closely misses you.
The thrashing horror misses you.
The thrashing horror completely misses you.
Unknown command.
The flying skull gives a hideous shriek!
The thrashing horror roars!
The thrashing horror barely misses you.
The thrashing horror tramples you but does no damage.
The thrashing horror tramples you!
* * * LOW HITPOINT WARNING * * *
You hold your ground!
The thrashing horror tramples you but does no damage.
The thrashing horror tramples you.
You die...
Your body crumbles into a pile of gold.

#. #. . .. .#
#. # . .z .#X.
.x# .# #!.##.
z##....#
#zX#..#X# # ##
#z...x# #
#.##.###@#
#.##.#.XXX.#
#.#..#.X.#X#.#
##..X.##..#..#
#..###
##.#!#.#
###....
##.#...# # .
.# ###..# .. #
.# ..# ##
##.#.. .#


You could see 4 starcursed masses, an ancient zyme, 4 thrashing horrors and 2
flying skulls.

Vanquished Creatures
  Erica (D:9)
  A death knight (D:12)
  The ghost of namelastname112 the Basher, a novice DrGl of Gozag (D:9)
  The ghost of Lathuz the Cleaver, a novice MiBe of Trog (D:7)
  3 hill giants
  Pikel (D:5)
  A cyclops (D:11)
  A gargoyle (D:11)
  3 komodo dragons (D:10)
  A silent spectre (Abyss:4)
  3 trolls (D:12)
  2 two-headed ogres
  6 slime creatures (D:12)
  2 blink frogs (Abyss:4)
  A spriggan (D:7)
  4 wraiths (D:7)
  2 hungry ghosts
  The ghost of Foomius the Pure, an amateur DsAK of Lugonu (D:4)
  2 hippogriffs
  A warg (shapeshifter) (D:11)
  A mottled dragon (D:10)
  7 orc warriors
  3 ice beasts
  A slave (D:5)
  11 ogres
  A necrophage (D:7)
  4 sky beasts
  3 phantoms
  3 centaurs
  2 crocodiles (Lair:1)
  4 big kobolds
  8 giant frogs
  5 scorpions
  A water moccasin skeleton (D:8)
  4 killer bees (D:9)
  17 wights
  An electric eel (D:12)
  3 lava snakes (Volcano)
  7 crimson imps
  A giant frog zombie (D:11)
  A human zombie (D:7)
  6 orc priests
  8 hounds
  2 centaur skeletons
  4 jellies
  7 orc wizards
  A human skeleton (D:7)
  10 iguanas
  Ijyb (D:2)
  9 worker ants
  A hound skeleton (D:10)
  4 mummies (D:7)
  2 worker ant zombies (D:7)
  8 gnolls
  10 adders
  11 river rats
  2 shadow imps
  3 oozes
  An adder zombie (D:5)
  3 adder skeletons
  6 worms
  11 giant geckos
  50 orcs
  4 ball pythons (Sewer)
  7 giant cockroaches
  7 goblins
  12 hobgoblins
  26 jackals
  5 quokkas
  15 bats
  A giant gecko zombie (D:5)
  6 giant newts
  39 kobolds
  An orc zombie (D:7)
  29 rats
438 creatures vanquished.

Vanquished Creatures (others)
  5 toadstools (D:1)
5 creatures vanquished.

Grand Total: 443 creatures vanquished

Notes
Turn   | Place    | Note
--------------------------------------------------------------
     0 | D:1      | namelastname112 the Draconian Gladiator began the quest for the Orb.
     0 | D:1      | Reached XP level 1. HP: 17/17 MP: 1/1
   200 | D:1      | Reached XP level 2. HP: 11/25 MP: 2/2
  1144 | D:2      | Reached XP level 3. HP: 30/30 MP: 3/3
  1231 | D:2      | Noticed Ijyb
  1250 | D:2      | Killed Ijyb
  1250 | D:2      | Reached XP level 4. HP: 24/37 MP: 4/4
  1547 | D:2      | Noticed a moth of wrath
  1571 | D:2      | Reached skill level 4 in Maces & Flails
  1602 | D:2      | Found a bloodstained altar of Trog.
  1674 | D:2      | Found a white marble altar of Elyvilon.
  1976 | D:3      | Reached XP level 5. HP: 43/45 MP: 5/5
  2312 | D:3      | Found a sacrificial altar of Ru.
  2593 | D:3      | Found a glowing drain.
  2602 | Sewer    | Entered a sewer
  3191 | Sewer    | Reached XP level 6. HP: 18/51 MP: 6/6
  3666 | Sewer    | Reached skill level 5 in Maces & Flails
  4002 | D:4      | Reached XP level 7. HP: 47/59 MP: 7/7
  4002 | D:4      | Your scales start taking on a lurid green colour.
  4002 | D:4      | Gained mutation: Your system is resistant to poisons. [Green Draconian growth]
  4032 | D:4      | Found a snail-covered altar of Cheibriados.
  4036 | D:4      | Found Elisouju's Gadget Shoppe.
  4066 | D:4      | Got a translucent dagger
  4067 | D:4      | Identified the cursed +0 dagger "Uddaoc Nosil" {pierce, +Fly} (You found it on level 4 of the Dungeon)
  4413 | D:4      | Reached skill level 6 in Maces & Flails
  4727 | D:4      | Noticed Foomius's ghost (amateur DsAK)
  4781 | D:4      | Killed Foomius's ghost
  5043 | D:4      | Reached XP level 8. HP: 39/67 MP: 8/8
  5077 | D:4      | Found Oskax's Food Boutique.
  5109 | D:4      | Reached skill level 5 in Fighting
  5109 | D:4      | Reached skill level 5 in Dodging
  5560 | D:4      | Found Egivuhacvu's Weapon Emporium.
  5787 | D:5      | Entered Level 5 of the Dungeon
  5857 | D:5      | Found a staircase to the Ecumenical Temple.
  5875 | Temple   | Entered the Ecumenical Temple
  5899 | Temple   | Became a worshipper of Gozag Ym Sagoz the Greedy
  5931 | D:5      | Found a burning altar of Makhleb.
  6092 | D:5      | Noticed Pikel
  6126 | D:5      | Killed Pikel
  6126 | D:5      | Reached skill level 7 in Maces & Flails
  6126 | D:5      | Reached skill level 5 in Throwing
  6211 | D:5      | Found a burning altar of Makhleb.
  6535 | D:6      | Reached XP level 9. HP: 67/75 MP: 9/9
  6817 | D:6      | Reached skill level 8 in Maces & Flails
  6864 | D:6      | Found a basalt altar of Yredelemnul.
  6976 | D:7      | Noticed Lathuz's ghost (novice MiBe)
  6998 | D:6      | Gained mutation: Your muscles are strong. (Str +2) [potion of beneficial mutation]
  7027 | D:7      | Reached skill level 10 in Maces & Flails
  7027 | D:7      | Reached XP level 10. HP: 77/90 MP: 10/10
  7344 | D:6      | Reached skill level 11 in Maces & Flails
  7344 | D:6      | Reached XP level 11. HP: 95/97 MP: 11/11
  7561 | D:7      | Killed Lathuz's ghost
  7561 | D:7      | Reached skill level 12 in Maces & Flails
  7957 | D:7      | Found an opulent altar of Gozag.
  8247 | D:7      | Found an ancient bone altar of Kikubaaqudgha.
 10728 | D:9      | Got a smoking rapier
 10729 | D:9      | Identified the +8 rapier of Macsask {pierce, rC+ Int+2} (You found it on level 9 of the Dungeon)
 10758 | D:9      | Noticed Erica
 10770 | D:9      | Killed Erica
 10770 | D:9      | Reached skill level 10 in Fighting
 10829 | D:9      | Found a shadowy altar of Dithmenos.
 10830 | D:9      | Found a stormy altar of Qazlal.
 11034 | D:9      | Noticed namelastname112's ghost (novice DrGl)
 11062 | D:9      | Killed namelastname112's ghost
 12216 | D:10     | Entered Level 10 of the Dungeon
 12542 | D:10     | Noticed a hill giant
 12574 | D:10     | Killed a hill giant
 12574 | D:10     | Reached XP level 12. HP: 23/106 MP: 12/12
 12614 | D:10     | Noticed Maud
 13528 | D:10     | Found Wogihus's Assorted Antiques.
 13531 | D:10     | Bought a scroll labeled GAQERA WUASO for 31 gold pieces
 13766 | D:10     | Reached skill level 13 in Maces & Flails
 14556 | D:10     | Found a staircase to the Lair.
 16314 | D:12     | Noticed a death knight
 16315 | D:12     | Found Jyvom's Armour Shoppe.
 16713 | D:12     | Killed a death knight
 17700 | D:12     | Found a staircase to the Orcish Mines.
 17736 | D:12     | Bought the +0 cloak of Apyicuh {rF+ Stlth+} for 362 gold pieces
 18049 | Lair:1   | Entered Level 1 of the Lair of Beasts
 18109 | Lair:1   | Found a dark tunnel.
 18148 | Volcano  | Entered a volcano
 18311 | Volcano  | Found a bloodstained altar of Trog.
 18311 | Volcano  | Noticed an ogre mage
 18327 | Volcano  | Cast into level 3 of the Abyss (an ogre mage)
 18390 | Abyss:4  | Noticed a rakshasa
 18479 | Abyss:4  | Noticed a merfolk avatar
 18480 | Abyss:4  | Noticed a starcursed mass
 18605 | Abyss:4  | Noticed a starcursed mass
 18619 | Abyss:4  | HP: 3/110 [thrashing horror (15)]
 18619 | Abyss:4  | Slain by a thrashing horror

Vault maps used:
D:1:      ldierk_walled_garden, serial_bayou, serial_bayou_shore_b,
          serial_bayou_pond_d, serial_bayou_lagoon_a, serial_bayou_shore_b
D:2:      elyvilon_altar_1, tgw_trog, first_bread, uniq_iyjb
D:3:      nicolae_ru_sacrificial_ziggurat, gup_sewer_entry_bubbles,
          serial_park_tiny_2, nrook_mini_vaults, roderic_batcave
D:4:      serial_shops, nicolae_shop_scaring_up_business, shop_statue,
          nicolae_shop_behind_doors, cheibriados_altar_1
D:5:      old_standard_altar, temple_statues, st_stairs_6,
          makhleb_blood_cavern_becter, uniq_pikel
D:6:      yredelemnul_altar_generic
D:7:      lemuel_mausoleum_altar_kikubaaqudgha, the_bakery,
          nicolae_gozag_cash_rules_everything_around_me
D:9:      gammafunk_temple_overflow_pools, grunt_ministairs_7, uniq_erica
D:10:     erik_lair_dragon, serial_shops, kennysheep_mini_moat,
          hangedman_decor_peaks_small, uniq_maud
D:12:     orc_david_3
Temple:   circular_temple_12
Lair:1:   enter_volcano_2
Abyss:3:  evilmike_abyss_exit_glass, lemuel_flamethrower_2, kb_abyss_rune_zappy
Abyss:4:  hangedman_abyss_exit_choices, evilmike_abyss_rune_siren
Sewer:    sewer_minmay_treatment
Volcano:  volcano_grotto

Action                   |  1- 3 |  4- 6 |  7- 9 | 10-12 || total
-------------------------+-------+-------+-------+-------++-------
Melee: Flail             |   107 |       |    78 |   368 ||   553
       Dagger            |    16 |   355 |   190 |       ||   561
       Unarmed           |       |       |    22 |       ||    22
       Rapier            |       |       |       |   541 ||   541
Throw: Tomahawk          |       |       |     9 |    26 ||    35
       Throwing net      |       |       |     1 |       ||     1
 Abil: Breathe Noxious F |       |       |    10 |    21 ||    31
Evoke: Wand              |       |       |     3 |    16 ||    19
  Use: Scroll            |       |       |    10 |    10 ||    20
       Potion            |       |       |     5 |    13 ||    18
 Stab: Sleeping          |       |     2 |       |     6 ||     8
       Confused          |       |       |    11 |    15 ||    26
       Paralysed         |       |       |     6 |       ||     6
       Distracted        |       |       |       |     4 ||     4
  Eat: Chunk             |     1 |     7 |     8 |       ||    16
       Pizza             |       |     1 |       |     2 ||     3
       Meat ration       |       |       |     1 |     5 ||     6
       Bread ration      |       |       |     1 |     1 ||     2
       Royal jelly       |       |       |       |     3 ||     3
       Beef jerky        |       |       |       |     2 ||     2
